 Dungeon Crawl Stone Soup version 0.29-a0-885-gb26ba3297d (webtiles) character file.

Game seed: 9797837237864402254

90728 hquester1 the Protected (level 15, -8/109 (124) HPs)
             Began as a Minotaur Fighter on July 20, 2022.
             Was the Champion of Okawaru.
             Mangled by a +5 executioner's axe of flaming (20 damage)
             ... on level 2 of the Elven Halls.
             The game lasted 01:18:41 (25714 turns).

hquester1 the Protected (Minotaur Fighter)         Turns: 25714, Time: 01:18:45

HP:   -8/109 (124)  AC: 57    Str: 22    XL:     15   Next: 53%
MP:   8/19          EV:  7    Int:  5    God:    Okawaru [******]
Gold: 2211          SH: 17    Dex: 13    Spells: 14/14 levels left

rFire   + . .      SeeInvis .   I - +7 eveningstar (protect)
rCold   + . .      Faith    .   R - +0 kite shield
rNeg    . . .      Spirit   .   E - +13 crystal plate armour of Lob Pod {rF+ rC+ Str-3}
rPois   .          Reflect  +   (helmet restricted)
rElec   .          Harm     .   O - scarf {repulsion}
rCorr   .          Rampage  .   q - +2 pair of gloves {infuse}
Will    +....                   k - +1 pair of boots
Stlth   ..........              g - amulet of reflection
HPRegen 0.28/turn               b - +4 ring of slaying
MPRegen 0.16/turn               l - +4 ring of protection

@: under a protective aura, heavily drained, repel missiles, unable to drink
A: horns 2, retaliatory headbutt, iridescent scales 2, frail 1, inability to
drink while threatened 1
a: Renounce Religion, Heroism, Finesse, Duel


You were on level 2 of the Elven Halls.
You worshipped Okawaru.
Okawaru was exalted by your worship.
You visited 5 branches of the dungeon, and saw 23 of its levels.
You also visited: Ossuary and Ice Cave.

You collected 2211 gold pieces.

Inventory:

Hand Weapons
 I - a +7 eveningstar of protection (weapon)
Armour
 k - a +1 pair of boots (worn)
 q - a +2 pair of gloves of infusion (worn)
 E - the +13 crystal plate armour of Lob Pod (worn) {rF+ rC+ Str-3}
   (Okawaru gifted it to you on level 13 of the Dungeon)

   Str:       It affects your strength (-3).
   rF:        It protects you from fire.
   rC:        It protects you from cold.
 O - a scarf of repulsion (worn)
 R - a +0 kite shield (worn)
Jewellery
 b - a +4 ring of slaying (left hand)
 g - an amulet of reflection (around neck)
 l - a +4 ring of protection (right hand)
Wands
 w - a wand of digging (4)
 x - a wand of flame (7)
 L - a wand of iceblast (19)
 N - a wand of polymorph (4)
Scrolls
 h - 5 scrolls of poison
 j - 4 scrolls of torment
 p - a scroll of teleportation
 y - 3 scrolls of amnesia
 D - 5 scrolls of vulnerability
 H - a scroll of fog
 K - 2 scrolls of magic mapping
 P - 2 scrolls of identify
 Q - a scroll of enchant armour
Potions
 d - a potion of might
 e - 3 potions of ambrosia
 f - 2 potions of brilliance
 i - 6 potions of flight
 m - 4 potions of lignification
 o - 2 potions of resistance
 r - 6 potions of curing
 s - 3 potions of mutation
 t - 4 potions of heal wounds
 u - 7 potions of attraction
 z - 10 potions of haste
 A - 5 potions of cancellation
 C - 3 potions of magic
 G - a potion of invisibility
 M - a potion of berserk rage
Miscellaneous
 J - a phial of floods


   Skills:
 + Level 14.1 Fighting
 - Level 11.7(13.6) Axes
 + Level 11.5(13.5) Maces & Flails
 + Level 14.1 Armour
 + Level 12.4 Dodging
 + Level 13.9 Shields
 + Level 7.6 Invocations
 + Level 7.0 Evocations


You had 14 spell levels left.
You didn't know any spells.
Your spell library contained the following spells:

 Spells                   Type           Power      Damage    Failure   Level
 Apportation              Tloc           0%         N/A       100%        1
 Beastly Appendage        Tmut           0%         N/A       100%        1
 Slow                     Hex            0%         N/A       100%        1
 Poisonous Vapours        Pois/Air       0%         N/A       100%        2
 Scorch                   Fire           0%         2d5       100%        2
 Wereblood                Tmut           0%         N/A       100%        2
 Confusing Touch          Hex            0%         N/A       100%        3
 Conjure Flame            Conj/Fire      0%         6-21      100%        3
 Ignite Poison            Fire/Tmut/Pois 0%         N/A       100%        3
 Mephitic Cloud           Conj/Pois/Air  0%         N/A       100%        3
 Spider Form              Tmut/Pois      0%         N/A       100%        3
 Vampiric Draining        Necr           0%         2d6       100%        3
 Anguish                  Hex/Necr       0%         N/A       100%        4
 Corpse Rot               Necr/Pois/Air  0%         N/A       100%        4
 Flame Wave               Conj/Fire      0%         2d4       100%        4
 Sticky Flame             Conj/Fire      0%         2d3       100%        4
 Alistair's Intoxication  Tmut/Pois      0%         N/A       100%        5
 Freezing Cloud           Conj/Ice/Air   0%         6-21      100%        5
 Enfeeble                 Hex            0%         N/A       100%        7
 Summon Cactus Giant      Summ           Unusable   N/A       N/A         6

Dungeon Overview and Level Annotations

Branches:
Dungeon (13/15)            Temple (1/1) D:7            Lair (5/5) D:8
 Shoals (0/4) Lair:3        Snake (0/4) Lair:3        Slime (0/5) Lair:5
    Orc (2/2) D:11            Elf (1/3) Orc:2        Vaults (0/5) D:13
Ossuary (visited)           IceCv (visited)

Altars:
Ashenzari
Cheibriados
Dithmenos
Elyvilon
Fedhas
Gozag
Hepliaklqana
Kikubaaqudgha
Makhleb
Nemelex Xobeh
Okawaru
Qazlal
Ru
Sif Muna
Trog
Uskayaw
Vehumet
Wu Jian
Xom
Yredelemnul
Zin
The Shining One
Jiyva
Lugonu

Shops:
D:9 [   Orc:2 [(==

Portals:
Abyss: Lair:5
Trove: D:13 (give +5 fire dragon scales)


Innate Abilities, Weirdness & Mutations

You have a pair of horns on your head.
You reflexively headbutt those who attack you in melee.
You are mostly covered in iridescent scales. (AC +4)
You are frail. (-10% HP)
You occasionally lose the ability to drink potions when taking damage.


Message History

The deep elf pyromancer closely misses you.
Something hits you but does no damage.
You feel drained.
You puncture the +3 battleaxe of freezing!
The +3 battleaxe of freezing falls from the air.
Okawaru accepts your kill.
A deep elf knight appears from thin air!
Reactivating autopickup.
The fire elemental disappears in a puff of smoke!
The deep elf knight hits you but does no damage.
You feel drained. Something hits you but does no damage.
Deactivating autopickup; reactivate with Ctrl-A.
The +5 executioner's axe of flaming hits you but does no damage.
The deep elf pyromancer gestures wildly while chanting.
You block the fire elemental's attack.
Your Evocations skill increases to level 7!
You closely miss the +5 executioner's axe of flaming.
The +5 executioner's axe of flaming is lightly damaged.
You block the deep elf knight's attack. Something hits you but does no damage.
The fire elemental hits you. The fire elemental burns you! You resist.
The +5 executioner's axe of flaming hits you!!
You feel threatened and lose the ability to drink potions!
* * * LOW HITPOINT WARNING * * *
The +5 executioner's axe of flaming burns you.
* * * LOW HITPOINT WARNING * * *
The deep elf pyromancer hits you but does no damage.
The deep elf knight mumbles some strange words.
The deep elf knight flickers and vanishes!
As you read the scroll of fear, it crumbles to dust.
You assume a fearsome visage.
The fire elemental is unaffected. x2
The deep elf pyromancer looks frightened!
The deep elf knight resists with almost no effort.
The +5 executioner's axe of flaming is unaffected.
The fire elemental is unaffected.
You can drink potions again.
You block the deep elf knight's attack. The fire elemental hits you.
The deep elf knight gestures at you while chanting.
The shard of ice is repelled.
The +5 executioner's axe of flaming hits you!!
You feel threatened and lose the ability to drink potions!
You die...

##........
##.........
##..........
#...........
#...........
#...........
#..........
##).(......
##@e......
#eEE......
#☼E○.......
#°...°.{...#
#..........#
#..........#
##..........
##.........


You could see a deep elf knight (fast), a deep elf pyromancer (fleeing), 3 fire
elementals and a +5 executioner's axe of flaming.

Vanquished Creatures
  Asterion (Elf:1)
  A frost giant (IceCv)
  An ironbound preserver (D:13)
  Fannar (Lair:2)
  4 ogre magi (Orc:2)
  2 centaur warriors (D:13)
  2 boulder beetles
  5 hydras
  3 death yaks (IceCv)
  19 two-headed ogres
  6 dancing weapons
  4 thrashing horrors (Lair:5)
  The ghost of buhh the Thaumaturge, a novice OpFE of Ashenzari (D:9)
  4 deep elf knights
  A death drake (shapeshifter) (D:13)
  A deep elf pyromancer (Elf:1)
  10 ugly things
  A deep elf zephyrmancer (Elf:1)
  5 orc sorcerers
  3 cyclopes
  5 manticores (D:13)
  A black mamba (shapeshifter) (Lair:5)
  4 elephants (Lair:3)
  An ice statue (IceCv)
  7 black mambas
  A torpor snail (Lair:3)
  A torpor snail (shapeshifter) (D:9)
  7 cane toads
  A gargoyle (D:12)
  An unseen horror (D:12)
  An efreet (D:13)
  A rime drake (shapeshifter) (Lair:5)
  4 kobold demonologists
  Maggie (D:8)
  2 rime drakes
  9 komodo dragons
  An ancient zyme (Lair:5)
  9 trolls
  15 polar bears
  27 blink frogs
  12 dream sheep
  Sigmund (D:3)
  A spriggan (Lair:5)
  3 ynoxinuls (Lair:5)
  A water elemental (Elf:1)
  55 yaks
  2 shadows
  A wraith (D:10)
  3 wyverns
  8 basilisks
  2 large abominations (Lair:5)
  A fire bat (shapeshifter) (D:9)
  A neqoxec (D:9)
  2 wargs (Orc:2)
  2 nagas (Lair:3)
  A swamp worm (shapeshifter) (Lair:5)
  An acid dragon (D:9)
  An ice beast (shapeshifter) (D:9)
  A swamp drake (D:11)
  9 water moccasins
  2 black bears
  8 orc warriors
  2 ice beasts
  A sky beast (D:7)
  A wolf (shapeshifter) (D:9)
  30 ogres
  14 wolves (IceCv)
  5 centaurs
  2 phantoms (D:6)
  9 bullfrogs
  7 kobold brigands
  2 scorpions (D:4)
  A gnoll sergeant (D:10)
  2 water moccasin zombies (Ossuary)
  3 wights (D:9)
  A cane toad simulacrum (Lair:5)
  11 small abominations (Lair:5)
  9 killer bees
  4 electric eels (D:10)
  9 howler monkeys
  5 jellies
  A hound (shapeshifter) (Lair:5)
  2 hounds
  12 orc priests
  2 gnoll boudas
  2 iguanas (D:4)
  23 orc wizards
  A polar bear simulacrum (Lair:5)
  4 wolf simulacra (Lair:5)
  3 mummies
  13 gnolls
  5 adders
  A shadow imp (D:7)
  3 adder zombies (Ossuary)
  4 worms (D:2)
  64 orcs
  5 bats
  12 endoplasms
  2 giant cockroaches
  9 goblins
  8 hobgoblins
  A hobgoblin (shapeshifter) (D:9)
  2 jackals (D:3)
  36 kobolds
  3 quokkas
  3 ball pythons
  3 frilled lizards
  A gnoll zombie (Ossuary)
  7 hobgoblin zombies
  4 kobold zombies (Ossuary)
  3 orc zombies
  3 rats (D:1)
652 creatures vanquished.

Vanquished Creatures (others)
  11 fungi (Lair:5)
  11 plants
22 creatures vanquished.

Grand Total: 674 creatures vanquished

Notes
Turn   | Place    | Note
-------+----------+-------------------------------------------
     0 | D:1      | hquester1 the Minotaur Fighter began the quest for the Orb.
     0 | D:1      | Reached XP level 1. HP: 19/19 MP: 0/0
   255 | D:1      | Reached XP level 2. HP: 27/27 MP: 1/1
   525 | D:1      | Found a faded altar of an unknown god.
   621 | D:2      | Reached skill level 1 in Dodging
   809 | D:2      | Reached XP level 3. HP: 33/33 MP: 2/2
   825 | D:2      | Found an opulent altar of Gozag.
  1520 | D:3      | Reached XP level 4. HP: 40/40 MP: 3/3
  1581 | D:3      | Noticed Sigmund
  1593 | D:3      | Killed Sigmund
  1594 | D:3      | Reached XP level 5. HP: 47/47 MP: 4/4
  1658 | D:3      | Reached XP level 6. HP: 3/55 MP: 5/5
  2160 | D:3      | Reached skill level 5 in Fighting
  2481 | D:4      | Reached skill level 5 in Armour
  2481 | D:4      | Reached skill level 5 in Shields
  2994 | D:4      | Reached XP level 7. HP: 61/61 MP: 6/6
  3367 | D:5      | Entered Level 5 of the Dungeon
  3372 | D:5      | Reached skill level 5 in Axes
  3759 | D:5      | Reached XP level 8. HP: 67/70 MP: 4/7
  4939 | D:7      | Reached skill level 5 in Dodging
  5072 | D:7      | Found a sand-covered staircase.
  5080 | Ossuary  | Entered an ossuary
  5490 | D:7      | Reached XP level 9. HP: 77/79 MP: 5/8
  5824 | D:7      | Found a hazy altar of Hepliaklqana.
  5824 | D:7      | Found a sacrificial altar of Ru.
  5831 | D:7      | Found a white marble altar of Elyvilon.
  5833 | D:7      | Found a blossoming altar of Fedhas.
  5835 | D:7      | Found a glowing golden altar of the Shining One.
  5981 | D:7      | Found a staircase to the Ecumenical Temple.
  5989 | Temple   | Entered the Ecumenical Temple
  6290 | Temple   | Became a worshipper of Warmaster Okawaru
  6503 | D:8      | Identified the +1 robe of Death's Door {rF- rCorr Int+5}
  6532 | D:8      | Noticed a two-headed ogre
  6537 | D:8      | Killed a two-headed ogre
  6537 | D:8      | Reached * piety under Okawaru
  6750 | D:8      | Found a staircase to the Lair.
  6817 | D:8      | Noticed Maggie
  6825 | D:8      | Killed Maggie
  6825 | D:8      | Reached ** piety under Okawaru
  7328 | D:9      | Reached skill level 1 in Maces & Flails
  7330 | D:9      | Reached XP level 10. HP: 86/90 MP: 4/9
  7499 | D:9      | Reached *** piety under Okawaru
  7674 | D:9      | Noticed a two-headed ogre
  7680 | D:9      | Killed a two-headed ogre
  7889 | D:9      | Noticed a sixfirhy
  7897 | D:9      | Noticed an orange demon
  7900 | D:9      | Reached **** piety under Okawaru
  8150 | D:9      | Found Waceca's Armour Emporium.
  8182 | D:9      | Found a runed translucent gate.
  8182 | D:9      | Found a runed translucent gate.
  8182 | D:9      | Found a runed translucent gate.
  8182 | D:9      | Noticed a cyan ugly thing
  8183 | D:9      | Noticed a red ugly thing
  8184 | D:9      | Noticed a brown ugly thing
  8184 | D:9      | Noticed a purple ugly thing
  8184 | D:9      | Noticed a brown ugly thing
  8519 | D:10     | Entered Level 10 of the Dungeon
  9052 | D:10     | Reached XP level 11. HP: 60/99 MP: 1/10
  9290 | D:10     | Reached ***** piety under Okawaru
 10446 | D:11     | Found a transporter.
 10453 | D:11     | Found a transporter.
 10475 | D:11     | Found a transporter.
 10475 | D:11     | You fall into a shaft and drop 2 floors!
 10508 | D:13     | Noticed a boulder beetle
 10510 | D:13     | Noticed a centaur warrior
 10522 | D:13     | Killed a boulder beetle
 10523 | D:13     | Reached skill level 10 in Fighting
 10523 | D:13     | Reached skill level 5 in Maces & Flails
 10531 | D:13     | Killed a centaur warrior
 10534 | D:13     | Received a gift from Okawaru
 10565 | D:13     | Noticed a red ugly thing
 10574 | D:13     | Killed a red ugly thing
 10575 | D:13     | Reached skill level 10 in Armour
 10792 | D:13     | Reached skill level 10 in Shields
 10925 | D:12     | Reached skill level 10 in Axes
 11156 | D:12     | Noticed a white ugly thing
 11169 | D:11     | Killed a white ugly thing
 11277 | D:11     | Found a transporter.
 11374 | D:11     | Received a gift from Okawaru
 11654 | D:11     | Found a staircase to the Orcish Mines.
 11852 | D:11     | Noticed a boulder beetle
 11865 | D:11     | Killed a boulder beetle
 11865 | D:11     | Reached ****** piety under Okawaru
 12376 | D:12     | Reached XP level 12. HP: 108/108 MP: 6/11
 12829 | D:12     | Noticed a two-headed ogre
 12835 | D:12     | Killed a two-headed ogre
 13156 | D:13     | Noticed a six-headed hydra
 13175 | D:13     | Killed a six-headed hydra
 13326 | D:13     | Noticed an ironbound preserver
 13343 | D:13     | Killed an ironbound preserver
 13344 | D:13     | Reached skill level 1 in Invocations
 13344 | D:13     | Reached skill level 1 in Evocations
 13353 | D:13     | Noticed a centaur warrior
 13387 | D:13     | Killed a centaur warrior
 13470 | D:13     | Found a portal to a secret trove of treasure.
 13638 | D:13     | Identified the +13 crystal plate armour of Lob Pod {rF+ rC+
                  | Str-3} (Okawaru gifted it to you on level 13 of the
                  | Dungeon)
 13638 | D:13     | Received a gift from Okawaru
 13704 | D:13     | Found a gate to the Vaults.
 14008 | D:13     | Found a transporter.
 14008 | D:13     | Found a transporter.
 14123 | D:13     | Found a transporter.
 14247 | D:13     | Noticed a two-headed ogre
 14252 | D:13     | Killed a two-headed ogre
 14293 | D:13     | Noticed a seven-headed hydra
 14298 | D:13     | Killed a seven-headed hydra
 14343 | D:13     | Found a transporter.
 14680 | Lair:1   | Entered Level 1 of the Lair of Beasts
 14796 | Lair:1   | Reached skill level 10 in Dodging
 15070 | Lair:1   | Reached XP level 13. HP: 114/117 MP: 11/14
 15289 | Lair:1   | Identified the +7 short sword of the Pit {vorpal, rElec
                  | rPois}
 15812 | Lair:2   | Noticed Fannar
 15826 | Lair:2   | Killed Fannar
 16916 | Lair:3   | Received a gift from Okawaru
 17208 | Lair:3   | Found a staircase to the Snake Pit.
 17582 | Lair:3   | Found a staircase to the Shoals.
 18833 | Lair:5   | Entered Level 5 of the Lair of Beasts
 19038 | Lair:5   | Found a frozen archway.
 19055 | IceCv    | Entered an ice cave
 19173 | IceCv    | Reached skill level 5 in Invocations
 19532 | IceCv    | Reached XP level 14. HP: 127/127 MP: 12/16
 19583 | IceCv    | Noticed a frost giant
 19609 | IceCv    | Killed a frost giant
 19626 | IceCv    | Received a gift from Okawaru
 19932 | IceCv    | Reached skill level 5 in Evocations
 20316 | Lair:5   | Found a viscous altar of Jiyva.
 20316 | Lair:5   | Found a staircase to the Slime Pits.
 20631 | Lair:5   | Reached skill level 10 in Maces & Flails
 20727 | Lair:5   | Identified the +3 robe of Snakes and Ladders {Will+++ rCorr
                  | Str-4 Int-3} (Okawaru gifted it to you on level 5 of the
                  | Lair of Beasts)
 20727 | Lair:5   | Received a gift from Okawaru
 21154 | Lair:5   | Identified the +5 spear of Foul Odours {freeze, rN+}
 21381 | Lair:5   | Found a corrupted altar of Lugonu.
 21381 | Lair:5   | Found a one-way gate to the infinite horrors of the Abyss.
 22019 | D:9      | Found a runed translucent gate.
 22019 | D:9      | Found a runed translucent gate.
 22020 | D:9      | Noticed buhh's ghost (novice OpFE)
 22022 | D:9      | Found a runed translucent gate.
 22068 | D:9      | Gained mutation: You are frail. (-10% HP) [a neqoxec]
 22412 | D:9      | Killed buhh's ghost
 22445 | D:9      | Lost mutation: You are frail. (-10% HP) [potion of
                  | mutation]
 22445 | D:9      | Gained mutation: You occasionally lose the ability to read
                  | scrolls when taking damage. [potion of mutation]
 22445 | D:9      | Gained mutation: You are partially covered in iridescent
                  | scales. (AC +2) [potion of mutation]
 22445 | D:9      | Gained mutation: You expend magic power (3 MP) to
                  | strengthen your wands. [potion of mutation]
 22445 | D:9      | Gained mutation: You are robust. (+10% HP) [potion of
                  | mutation]
 22503 | D:9      | HP: 7/141 [poisoned by a death drake (dark miasma)]
 23070 | D:9      | Lost mutation: You occasionally lose the ability to read
                  | scrolls when taking damage. [potion of mutation]
 23070 | D:9      | Lost mutation: You are robust. (+10% HP) [potion of
                  | mutation]
 23070 | D:9      | Gained mutation: Your body sometimes deteriorates upon
                  | taking damage. [potion of mutation]
 23070 | D:9      | Gained mutation: You occasionally lose the ability to read
                  | scrolls when taking damage. [potion of mutation]
 23071 | D:9      | Lost mutation: Your body sometimes deteriorates upon taking
                  | damage. [potion of mutation]
 23071 | D:9      | Lost mutation: You expend magic power (3 MP) to strengthen
                  | your wands. [potion of mutation]
 23071 | D:9      | Lost mutation: You occasionally lose the ability to read
                  | scrolls when taking damage. [potion of mutation]
 23071 | D:9      | Gained mutation: You occasionally lose the ability to drink
                  | potions when taking damage. [potion of mutation]
 23071 | D:9      | Gained mutation: You are frail. (-10% HP) [potion of
                  | mutation]
 23071 | D:9      | Gained mutation: You are mostly covered in iridescent
                  | scales. (AC +4) [potion of mutation]
 23198 | Orc:1    | Entered Level 1 of the Orcish Mines
 23674 | Orc:2    | Entered Level 2 of the Orcish Mines
 23884 | Orc:2    | Found a staircase to the Elven Halls.
 24254 | Orc:1    | Identified the +1 ring mail of Teepi {Slay+2} (Okawaru
                  | gifted it to you on level 1 of the Orcish Mines)
 24254 | Orc:1    | Received a gift from Okawaru
 24255 | Orc:1    | Reached XP level 15. HP: 74/122 MP: 5/19
 24473 | Orc:2    | Found Reruapta's Weapon Boutique.
 24473 | Orc:2    | Found Yrumucof's Armour Shoppe.
 24521 | Orc:2    | Found Harphocueh's Jewellery Emporium.
 24521 | Orc:2    | Found Yjessuts's Jewellery Boutique.
 25148 | Elf:1    | Entered Level 1 of the Elven Halls
 25357 | Elf:1    | Noticed Asterion
 25373 | Elf:1    | Killed Asterion
 25682 | Elf:1    | You fall into a shaft and drop 1 floor!
 25714 | Elf:2    | Mangled by a +5 executioner's axe of flaming

Illustrated notes

Levels and vault maps discovered:
D:1:      wander_arrival_chamber, layout_loops_ring, basic_ecumenical_altar
D:2:      layout_rooms, basic_altar, roderic_three_in_a_row,
          minmay_goblin_outpost
D:3:      layout_loops_ring, uniq_sigmund
D:4:      nicolae_cairo_tiling_very_big, layout_rooms, grunt_ministairs_14
D:5:      layout_loops_ring
D:6:      layout_basic
D:7:      layout_loops_corners, chequers_temple_overflow_minitemple,
          minmay_temple_entry_enclosed_plants, nicolae_ossuary_entry_giza
D:8:      layout_cave_pools, lair_entry_dummy, uniq_maggie
D:9:      kennysheep_spiral_hall, layout_loops_ring,
          ploomutoo_gammafunk_ghost_potion_laboratory, serial_shops,
          nicolae_shop_trees, minmay_misc_feat_columns
D:10:     layout_basic, interstate_on_off, hangedman_glass_teeth
D:11:     layout_small_grid, erik_orc_1, hex_tiny,
          nicolae_transporter_intersection
D:12:     layout_basic, serial_glass, glass_columns_b, glass_columns_a
D:13:     layout_stronghold, skrybe_vaults_entry_preservation,
          nicolae_trove_entry_crossroad, nicolae_diode_quadrants
Temple:   minmay_temple_bridge_d
Lair:1:   layout_hall_layers, dreamdust_gnoll_shepherd
Lair:2:   layout_regular_city, chequers_serial_rivers_small_b, uniq_fannar
Lair:3:   layout_chaotic_city, elwin_shoals_entry_rooms,
          guppyfry_snake_entry_island
Lair:4:   layout_hall_layers
Lair:5:   hellmonk_lair_end_abyssal_woods, layout_hall_layers,
          nicolae_slime_entry_slimehenge, portal_ice_cave_entry_ice_simulacra
Orc:1:    layout_caves
Orc:2:    st_orc_ogre_mass, layout_caves, mines4_lemuel
Elf:1:    layout_geoelf_grid, serial_shops, shop, kennysheep_underground_church,
          uniq_asterion
Elf:2:    nicolae_elf_blades_crystal_corner, layout_onion_city, uniq_aizul

Skill      XL: |  1  2  3  4  5  6  7  8  9 10 11 12 13 14 15 |
---------------+----------------------------------------------+-----
Dodging        | 1 2 3 4 5 6 7 9 10 11 12 | 12.4
Fighting       | 4 5 6 7 8 9 10 11 12 13 14 | 14.1
Armour         | 4 5 6 7 8 9 10 11 12 13 14 | 14.1
Axes           | 3 4 5 6 8 9 10 11 | 11.7
Shields        | 4 5 6 7 8 9 10 11 12 13 | 13.9
Maces & Flails | 1 4 6 8 9 10 11 | 11.5
Invocations    | 3 5 6 7 |  7.6
Evocations     | 2 4 6 7 |  7.0

Action                   |  1- 3 |  4- 6 |  7- 9 | 10-12 | 13-15 || total
-------------------------+-------+-------+-------+-------+-------++-------
Melee: War axe           |    71 |    57 |    49 |    41 |       ||   218
       Headbutt          |    14 |    10 |    25 |    74 |   204 ||   327
       Morningstar       |       |       |   161 |   199 |       ||   360
       Eveningstar       |       |       |       |   174 |   891 ||  1065
Invok: Heroism           |       |       |       |       |     4 ||     4
  Use: Scroll            |       |     4 |    13 |    12 |     9 ||    38
       Potion            |       |       |       |     1 |    15 ||    16
 Stab: Distracted        |       |       |       |       |     1 ||     1
Armor: Chain mail        |    40 |    30 |   107 |     2 |       ||   179
       Scale mail        |     3 |       |       |       |       ||     3
       Plate armour      |       |       |       |   251 |       ||   251
       Crystal plate arm |       |       |       |    68 |   717 ||   785
Dodge: Dodged            |    20 |    22 |    68 |   157 |   222 ||   489
       Repelled          |       |       |       |       |     4 ||     4
Block: Buckler           |    16 |     7 |    45 |   159 |   469 ||   696
       Reflection        |       |       |       |     9 |    10 ||    19
       Kite shield       |       |       |       |       |    40 ||    40

Table legend: (Time is in decaauts)
 A = Elapsed time spent in this place.
 B = Non-inter-level travel time spent in this place.
 C = Inter-level travel time spent in this place.
 D = Time resting spent in this place.
 E = Time spent auto-exploring this place.
 F = Levels seen in this place.
 G = Mean time per level.
                   A        B        C        D        E       F      G
               +--------+--------+--------+--------+--------+-----+--------+
         Total |  25821 |  24811 |   1010 |   3787 |  15636 |  25 | 1032.8 |
       Dungeon |  15700 |  15098 |    602 |   3034 |   9053 |  13 | 1207.7 |
        Temple |    374 |    224 |    150 |      0 |    213 |   1 |  374.0 |
          Lair |   5918 |   5733 |    185 |    197 |   4402 |   5 | 1183.6 |
  Orcish Mines |   1920 |   1848 |     72 |    159 |   1099 |   2 |  960.0 |
   Elven Halls |    559 |    559 |      0 |    267 |    163 |   2 |  279.5 |
       Ossuary |    143 |    143 |      0 |      0 |      0 |   1 |  143.0 |
      Ice Cave |   1204 |   1204 |      0 |    130 |    705 |   1 | 1204.0 |
               +--------+--------+--------+--------+--------+-----+--------+

Top non-repeatable levels by time:
     D:9: 2886 daAuts
    D:13: 1950 daAuts
    D:10: 1915 daAuts
  Lair:5: 1667 daAuts
    D:11: 1339 daAuts
  Lair:3: 1338 daAuts
   Orc:2: 1302 daAuts
   IceCv: 1204 daAuts
  Lair:2: 1096 daAuts
     D:3: 1054 daAuts
     D:7: 1022 daAuts
    D:12: 1015 daAuts
  Lair:1: 934 daAuts
     D:4: 905 daAuts
  Lair:4: 882 daAuts
